 Dungeon Crawl Stone Soup version 0.29.1-12-g30fa7ad0bf (webtiles) character file.

Game seed: 15878497472422920376

3520 Radix the Geomancer (level 10, -6/50 HPs)
             Began as a Gargoyle Earth Elementalist on Dec 13, 2022.
             Was a Follower of Vehumet.
             Mangled by a two-headed ogre
             ... wielding a +0 giant spiked club
              (8 damage)
             ... on level 7 of the Dungeon.
             The game lasted 01:09:15 (7307 turns).

Radix the Geomancer (Gargoyle Earth Elementalist)   Turns: 7307, Time: 01:09:15

Health: -6/50      AC: 21    Str: 12    XL:     10   Next: 8%
Magic:  20/22      EV: 12    Int: 20    God:    Vehumet [*.....]
Gold:   347        SH:  0    Dex: 13    Spells: 21/25 levels left

rFire   x x .      SeeInvis .   C - +0 hammer
rCold   x . .      Faith    .   (no shield)
rNeg    + . .      Spirit   .   u - +3 robe of Semeotuvix {rC+ Dex+3 Stlth+ Archmagi}
rPois   ∞          Reflect  .   (no helmet)
rElec   +          Harm     .   E - +0 cloak
rCorr   .          Rampage  .   (no gloves)
Will    .....      Archmagi +   (no boots)
Stlth   +++.......              k - amulet of Elemental Vulnerability {rPois rF-- rC-- AC+8}
HPRegen 0.16/turn               r - ring of wizardry
MPRegen 0.18/turn               (no ring)

@: no status effects
A: sickness immunity, AC +7, negative energy resistance 1, electricity
resistance, torment resistance 1, petrification resistance
a: Renounce Religion


You were on level 7 of the Dungeon.
You worshipped Vehumet.
Vehumet was aware of your devotion.
You visited 2 branches of the dungeon, and saw 9 of its levels.

You collected 461 gold pieces.
You spent 114 gold pieces at shops.

Inventory:

Hand Weapons
 d - a +1 dagger of venom
 i - a +0 flail
 C - a +0 hammer (weapon)
 D - a +3 quarterstaff of chaos
Armour
 u - the +3 robe of Semeotuvix (worn) {rC+ Dex+3 Stlth+ Archmagi}
   (You bought it in a shop on level 4 of the Dungeon)

   Dex:       It affects your dexterity (+3).
   rC:        It protects you from cold.
   Archmagi:  It increases the power of your magical spells.
   Stlth:     It makes you more stealthy.
 E - a +0 cloak (worn)
 K - an orb of energy
Jewellery
 k - the amulet of Elemental Vulnerability (around neck) {rPois rF-- rC-- AC+8}
   (You took it off a kobold on level 2 of the Dungeon)

   [amulet of nothing]

   AC:        It affects your AC (+8).
   rF:        It makes you very vulnerable to fire.
   rC:        It makes you very vulnerable to cold.
   rPois:     It protects you from poison.
 r - a ring of wizardry (left hand)
 F - a ring of resist corrosion
 L - a ring of resist corrosion
Wands
 a - a wand of digging (7)
 w - a wand of polymorph (4)
 G - a wand of roots (14)
 J - a wand of flame (29)
Scrolls
 c - 2 scrolls of blinking {unknown}
 e - 2 scrolls of enchant armour {unknown}
 h - 6 scrolls of teleportation {unknown}
 l - a scroll of magic mapping {unknown}
 o - a scroll of silence {unknown}
 p - a scroll of enchant weapon {unknown}
 s - 2 scrolls of fear {unknown}
 t - 4 scrolls of identify {unknown}
 x - a scroll of noise {unknown}
 y - 2 scrolls of immolation {unknown}
 H - a scroll of torment {unknown}
 I - a scroll of poison {unknown}
Potions
 b - 2 potions of magic
 f - a potion of degeneration {unknown}
 g - a potion of flight {unknown}
 j - 5 potions of curing {unknown}
 m - a potion of resistance {unknown}
 n - 3 potions of heal wounds
 q - a potion of attraction {unknown}
 v - 2 potions of mutation {unknown}
 z - 3 potions of lignification {unknown}
 A - 2 potions of brilliance {unknown}
 B - a potion of invisibility {unknown}


   Skills:
 - Level 3.4 Maces & Flails
 - Level 1.5 Dodging
 - Level 2.1 Stealth
 + Level 8.1 Spellcasting
 + Level 7.9 Conjurations
 - Level 0.7 Transmutations
 + Level 9.9 Earth Magic


You had 21 spell levels left.
You knew the following spells:

 Your Spells              Type           Power      Damage    Failure   Level
a - Sandblast             Erth           100%       2d20      1%          1
b - Stone Arrow           Conj/Erth      100%       3d13      1%          3

Your spell library contained the following spells:

 Spells                   Type           Power      Damage    Failure   Level
 Magic Dart               Conj           100%       1d8       1%          1
 Passwall                 Tmut/Erth      36%        N/A       1%          2
 Petrify                  Tmut/Erth      44%        N/A       4%          4
 Portal Projectile        Hex/Tloc       24%        N/A       11%         3
 Tukima's Dance           Hex            12%        N/A       11%         3
 Blade Hands              Tmut           8%         N/A       52%         5


Dungeon Overview and Level Annotations

Branches:
Dungeon (8/15)             Temple (1/1) D:5
   Lair: D:8-11

Altars:
Ashenzari
Cheibriados
Elyvilon
Gozag
Makhleb
Okawaru
Qazlal
Trog
Vehumet
Wu Jian
Yredelemnul
The Shining One

Shops:
D:4 =:([:   D:5 [

Annotations:
D:4 3 runed translucent doors, sanboga's ghost, novice TrMo


Innate Abilities, Weirdness & Mutations

You are immune to sickness and miasma.
Your stone body is resilient. (AC +7)
You are immune to poison.
You resist negative energy. (rN+)
You are resistant to electric shocks. (rElec)
You are resistant to unholy torment.
You are immune to petrification.


Message History

You start resting.
HP restored.
There is a stone staircase leading down here.
You see here a +0 ring mail.
There is a stone staircase leading down here.
You climb downwards.
The two-headed ogre hits you with a +0 giant spiked club.
The two-headed ogre hits you but does no damage.
There is a stone staircase leading up here.
Casting: Sandblast (safe; 1% risk of failure)
Confirm with . or Enter, or press ? or * to list all spells.
Aiming: Stone Arrow (safe; 1% risk of failure)
Press: ? - help, Shift-Dir - straight line, f - two-headed ogre
Aim: a two-headed ogre, wielding two +0 giant spiked clubs (89% to hit)
You feel a surge of power!
The stone arrow hits the two-headed ogre!
The two-headed ogre is lightly wounded.
The two-headed ogre hits you with a +0 giant spiked club!!
The two-headed ogre hits you with a +0 giant spiked club.
The two-headed ogre completely misses you.
The two-headed ogre hits you with a +0 giant spiked club.
You climb upwards.
There is a stone staircase leading down here.
You see here a +0 ring mail.
Casting: Stone Arrow (safe; 1% risk of failure)
Confirm with . or Enter, or press ? or * to list all spells.
Aiming: Stone Arrow (safe; 1% risk of failure)
Press: ? - help, Shift-Dir - straight line, f - two-headed ogre
Aim: a two-headed ogre, wielding two +0 giant spiked clubs (89% to hit)
You feel a surge of power!
The stone arrow hits the two-headed ogre!
The two-headed ogre is lightly wounded.
The two-headed ogre attacks as you move away!
The two-headed ogre hits you with a +0 giant spiked club!!
* * * LOW HITPOINT WARNING * * *
The two-headed ogre hits you with a +0 giant spiked club.
* * * LOW HITPOINT WARNING * * *
The two-headed ogre attacks as you move away!
The two-headed ogre hits you with a +0 giant spiked club!
You die...

### #.# ###########
#.########<.........
#...........########
#.#########.# ############.# #.#
###.........##.# #.#
..'.........##.#########.########
###.........'...@O...............
#.........##...................
##.........#############........
#..........# #........
##..........# #........
............# #........
.##.........# #(.......
.##.........# #........
.##.........########## #........


You could see a two-headed ogre.

Vanquished Creatures
  A hornet (D:7)
  A shadow (D:7)
  A steam dragon (D:7)
  A water moccasin (D:6)
  3 sky beasts
  3 black bears
  3 ogres
  An ice beast (D:6)
  3 centaurs (D:7)
  4 bullfrogs
  A necrophage (D:7)
  4 scorpions
  5 wights (D:8)
  4 howler monkeys
  7 hounds
  3 jellies
  Crazy Yiuf (D:6)
  3 orc priests
  Terence (D:1)
  2 iguanas
  Natasha (twice) (D:2)
  5 orc wizards
  6 adders
  2 ufetubi (D:5)
  2 worms (D:3)
  A dart slug (D:2)
  16 orcs
  5 endoplasms
  5 giant cockroaches
  10 goblins
  9 hobgoblins
  2 quokkas
  6 ball pythons
  4 bats
  4 frilled lizards
  3 kobolds
  23 rats
157 creatures vanquished.

Vanquished Creatures (others)
  3 fungi (D:4)
  A plant (D:4)
4 creatures vanquished.

Grand Total: 161 creatures vanquished

Notes
Turn   | Place    | Note
-------+----------+-------------------------------------------
     0 | D:1      | Radix the Gargoyle Earth Elementalist began the quest for
                  | the Orb.
     0 | D:1      | Reached XP level 1. HP: 10/10 MP: 3/3
   157 | D:1      | Reached XP level 2. HP: 15/15 MP: 3/5
   160 | D:1      | Reached skill level 4 in Earth Magic
   325 | D:1      | Found a faded altar of an unknown god.
   961 | D:2      | Reached XP level 3. HP: 19/19 MP: 6/6
  1035 | D:2      | Noticed Natasha
  1040 | D:2      | Killed Natasha
  1041 | D:2      | Reached skill level 1 in Maces & Flails
  1088 | D:2      | Reached XP level 4. HP: 19/24 MP: 4/8
  1091 | D:2      | Noticed Terence
  1157 | D:1      | Killed Terence
  1263 | D:2      | Noticed Natasha
  1272 | D:2      | Killed Natasha
  1273 | D:2      | Reached XP level 5. HP: 28/28 MP: 7/10
  1475 | D:3      | Found a glowing golden altar of the Shining One.
  1475 | D:3      | Found an iron altar of Okawaru.
  1477 | D:3      | Found an ornate altar of the Wu Jian Council.
  1477 | D:3      | Found a stormy altar of Qazlal.
  1478 | D:3      | Found a snail-covered altar of Cheibriados.
  1657 | D:3      | Found a broken altar of Ashenzari.
  2262 | D:4      | Found Qugree's Book Shop.
  2305 | D:4      | Found a runed translucent gate.
  2306 | D:4      | Found a runed translucent gate.
  2307 | D:4      | Found a runed translucent gate.
  2307 | D:4      | Noticed a kobold brigand
  2311 | D:4      | Noticed sanboga's ghost (novice TrMo)
  2351 | D:4      | Noticed a black bear
  2367 | D:4      | Found Puff's Book Emporium.
  2382 | D:4      | Killed a black bear
  2383 | D:4      | Reached XP level 6. HP: 25/32 MP: 5/12
  2471 | D:4      | Found Pucan's Weapon Emporium.
  2683 | D:4      | Learned a level 3 spell: Stone Arrow
  2763 | D:4      | Reached skill level 1 in Conjurations
  2870 | D:4      | Found Wanwoqiv's Antique Armour Emporium.
  2884 | D:4      | Bought a warped robe for 114 gold pieces
  2884 | D:4      | Identified the +3 robe of Semeotuvix {rC+ Dex+3 Stlth+
                  | Archmagi} (You bought it in a shop on level 4 of the
                  | Dungeon)
  2957 | D:4      | Reached skill level 5 in Earth Magic
  2957 | D:4      | Reached XP level 7. HP: 36/36 MP: 9/14
  3292 | D:4      | Found Tucum's Jewellery Shoppe.
  3362 | D:4      | Reached skill level 5 in Spellcasting
  3657 | D:5      | Entered Level 5 of the Dungeon
  3769 | D:5      | Reached skill level 6 in Earth Magic
  3853 | D:5      | Found a staircase to the Ecumenical Temple.
  3860 | Temple   | Entered the Ecumenical Temple
  3894 | Temple   | Became a worshipper of Vehumet
  3915 | D:5      | Reached XP level 8. HP: 41/41 MP: 13/16
  4197 | D:5      | Found Bywkap's Armour Emporium.
  4719 | D:6      | Reached skill level 7 in Earth Magic
  4813 | D:6      | Reached skill level 5 in Conjurations
  5104 | D:6      | Reached skill level 8 in Earth Magic
  5104 | D:6      | Reached XP level 9. HP: 45/45 MP: 10/19
  5268 | D:6      | Found a white marble altar of Elyvilon.
  5812 | D:6      | Found a runed translucent door.
  5813 | D:6      | Noticed Crazy Yiuf
  5817 | D:6      | Paralysed by Crazy Yiuf for 4 turns
  5821 | D:6      | Killed Crazy Yiuf
  6258 | D:7      | Reached * piety under Vehumet
  6258 | D:7      | Offered knowledge of Magic Dart by Vehumet.
  6311 | D:7      | Reached skill level 9 in Earth Magic
  6836 | D:8      | Noticed a hornet
  6843 | D:7      | Killed a hornet
  6844 | D:7      | Reached XP level 10. HP: 28/50 MP: 11/21
  6997 | D:8      | Noticed a two-headed ogre
  7305 | D:7      | HP: 2/50 [two-headed ogre/+0 giant spiked club (4)]
  7307 | D:7      | Mangled by a two-headed ogre

Illustrated notes

Levels and vault maps discovered:
D:1:      dpeg_arrival_stonehenge_8_columns, layout_basic,
          shapermc_ecumenical_altar_totnotflames
D:2:      layout_basic, uniq_terence, uniq_natasha
D:3:      layout_basic, nicolae_ashenzari_skybound, grunt_temple_overflow_open
D:4:      layout_loops_cross, gammafunk_ghost_nasty_kobolds, serial_shops,
          nicolae_lakefront_shop, shop, nicolae_shop_waterfront, shop,
          nicolae_take_the_stairs, grunt_ministairs_5, nrook_mini_vaults,
          minmay_misc_feat_rows, minmay_rat_hole
D:5:      layout_gridville, minmay_temple_entry_mist, serial_shops,
          kennysheep_mini_moat, mrwooster_statue_mirror
D:6:      layout_gridville, elyvilon_altar_5, uniq_crazy_yiuf_cottage
D:7:      layout_basic
D:8:      layout_cave_pools, uniq_erica, uniq_amaemon
Temple:   bh_familiar_temple

Skill      XL: |  1  2  3  4  5  6  7  8  9 10 |
---------------+-------------------------------+-----
Earth Magic    | 4 5 6 8 9 |  9.9
Maces & Flails | 1 2 3 |  3.4
Spellcasting   | 3 4 5 6 7 8 |  8.1
Conjurations   | 1 3 5 7 |  7.9
Dodging        | |  1.5
Stealth        | |  2.1
Transmutations | |  0.7

Action                   |  1- 3 |  4- 6 |  7- 9 | 10-12 || total
-------------------------+-------+-------+-------+-------++-------
Melee: Dagger            |    29 |       |       |       ||    29
       Flail             |    10 |    65 |   104 |       ||   179
       Punch             |       |       |     2 |       ||     2
 Cast: Sandblast         |    21 |    39 |    42 |     4 ||   106
       Stone Arrow       |       |     1 |    59 |     8 ||    68
  Use: Potion            |       |     1 |       |       ||     1
 Stab: Sleeping          |     1 |     5 |       |       ||     6
Armor: Robe              |    14 |    28 |    91 |     2 ||   135
Dodge: Dodged            |    23 |    61 |   115 |     3 ||   202
